 Dungeon Crawl Stone Soup version 0.30-a0-374-g95c0257040 (webtiles) character file.

Game seed: 16349993764833478104

498 Bnni the Poker (level 7, -26/56 HPs)
             Began as a Formicid Fighter on Nov 25, 2022.
             Killed from afar by an acid dragon (33 damage)
             ... with a splash of acid
             ... on level 4 of the Dungeon on Nov 26, 2022.
             The game lasted 00:05:01 (3523 turns).

Bnni the Poker (Formicid Fighter)                   Turns: 3523, Time: 00:05:02

Health: -26/56     AC:  7    Str: 22    XL:     7   Next: 39%
Magic:  16/16      EV:  9    Int:  8    God:
Gold:   124        SH: 10    Dex: 13    Spells: 6/6 levels left

rFire   + . .      SeeInvis +    d - +0 halberd
rCold   . . .      Faith    .    c - +0 buckler
rNeg    . . .      Spirit   .    b - +3 scale mail {rF+}
rPois   .          Reflect  +    (helmet unavailable)
rElec   .          Harm     .    v - +0 cloak
rCorr   .          Rampage  .    (no gloves)
Will    +....                    (no boots)
Stlth   ..........               x - amulet of reflection
HPRegen 0.29/turn                n - ring of willpower
MPRegen 0.15/turn                o - ring of magical power

@: mighty, corroded
A: permanent stasis, dig shafts and tunnels, antennae 3, four strong arms
a: Dig, Shaft Self


You were on level 4 of the Dungeon.
You visited 1 branch of the dungeon, and saw 4 of its levels.

You collected 124 gold pieces.

Inventory:

Hand Weapons
 a - a +0 trident
 d - a +0 halberd (weapon)
Missiles
 m - 17 poisoned darts
Armour
 b - a +3 scale mail of fire resistance (worn)
 c - a +0 buckler (worn)
 v - a +0 cloak (worn)
Jewellery
 n - a ring of willpower (left hand)
 o - a ring of magical power (right hand)
 x - an amulet of reflection (around neck)
Scrolls
 f - a scroll of noise {unknown}
 g - 2 scrolls of magic mapping {unknown}
 i - 2 scrolls of teleportation {unknown}
 j - a scroll of blinking {unknown}
 k - 4 scrolls of identify {unknown}
 l - a scroll of fog {unknown}
 r - 2 scrolls of enchant weapon {unknown}
 t - a scroll of poison {unknown}
Potions
 e - 3 potions of curing {unknown}
 h - a potion of attraction {unknown}
 p - a potion of cancellation {unknown}
 q - a potion of flight {unknown}
 u - a potion of mutation {unknown}
 w - 2 potions of ambrosia {unknown}
Miscellaneous
 y - a tin of tremorstones (2/2)


   Skills:
 + Level 5.4 Fighting
 * Level 6.0 Polearms
 - Level 3.2 Armour
 - Level 5.0 Shields


You had 6 spell levels left.
You didn't know any spells.
Your spell library contained the following spells:

 Spells                   Type           Power      Damage    Failure   Level
 Gell's Gravitas          Tloc           0%         N/A       99%         3
 Lesser Beckoning         Tloc           0%         N/A       99%         3
 Teleport Other           Tloc           0%         N/A       99%         3


Dungeon Overview and Level Annotations

Branches:
Dungeon (4/15)
 Temple: D:4-7

Altars:

Annotations:
D:4 2 runed translucent doors


Innate Abilities, Weirdness & Mutations

You cannot be hasted, slowed, berserked, paralysed or teleported.
You can dig through walls and to a lower floor.
You have a pair of large antennae on your head. (SInv)
Your four strong arms can wield two-handed weapons with a shield.


Message History

The splash of acid hits you!!
You barely miss the acid dragon. The acid dragon bites you.
The acid dragon claws you.
Okay, then.
You feel very mighty all of a sudden.
The acid dragon bites you but does no damage.
You block the acid dragon's attack.
You closely miss the acid dragon. You block the acid dragon's attack.
The acid dragon claws you but does no damage.
You slash the acid dragon!
The acid dragon is severely wounded.
The acid dragon spits acid at you. The splash of acid hits you!
The acid corrodes you!
You hit the acid dragon.
The acid dragon is severely wounded.
You block the acid dragon's attack. The acid dragon claws you.
The acid dragon closely misses you. The acid dragon barely misses you.
You completely miss the acid dragon.
The acid dragon is severely wounded.
The acid dragon bites you!
* * * LOW HITPOINT WARNING * * *
You block the acid dragon's attack.
You barely miss the acid dragon.
The acid dragon is severely wounded.
The acid dragon bites you!
* * * LOW HITPOINT WARNING * * *
The acid dragon closely misses you.
Unknown command.
You slash the acid dragon!
The acid dragon is almost dead.
The acid dragon bites you but does no damage.
The acid dragon claws you.
* * * LOW HITPOINT WARNING * * *
Unknown command.
You closely miss the acid dragon.
The acid dragon is almost dead.
The acid dragon spits acid at you. The splash of acid hits you!!
Ouch! That really hurt!
You die...

.# #....<######## #...... ##
##...........## #.#.†.. ###
#....######..### #.##... ..#
##..##.†..##...#####.###..
#.#######..#.####.#.#.......#
### #.#..).....#).#
#.#.#.####.## #
#...##''##.')#.##.#.#.# #.#
#..##8..8#######D.#.#.# #.#
#..#8....8# #:..@##.#.# #.#
#..#......# ######....# #(#
## #..#......# ######....#
#.# ##. ##.#8....8#
#[.#.##..## #.####..
#.##8..8#####.##.#..#
#.##....
#..##++##.')##.#.#..#
#.#...>.
##).......##.#.[.#.##
#.......
##..####.#.#.####.#.#
##.......
#....###.#.##.)..##.#
#..##....


You could see an acid dragon (catching breath).

Vanquished Creatures
  A kobold brigand (D:4)
  A bullfrog (D:4)
  A hound (D:4)
  An orc priest (D:4)
  A jelly (D:4)
  Ijyb (D:3)
  An orc wizard (D:4)
  Natasha (thrice) (D:3)
  5 gnolls
  2 adders
  3 worms
  3 dart slugs
  4 orcs
  8 bats
  5 endoplasms
  3 giant cockroaches
  4 goblins
  4 hobgoblins
  6 quokkas
  10 ball pythons
  5 frilled lizards
  5 kobolds
  4 rats
81 creatures vanquished.

Notes
Turn   | Place    | Note
-------+----------+-------------------------------------------
     0 | D:1      | Bnni the Formicid Fighter began the quest for the Orb.
     0 | D:1      | Reached XP level 1. HP: 18/18 MP: 1/1
   129 | D:1      | Reached XP level 2. HP: 24/24 MP: 2/2
   312 | D:1      | Reached XP level 3. HP: 18/29 MP: 3/3
  1218 | D:2      | Reached skill level 3 in Polearms
  1218 | D:2      | Reached XP level 4. HP: 33/37 MP: 4/4
  1375 | D:2      | Reached skill level 5 in Shields
  1782 | D:3      | Reached XP level 5. HP: 42/42 MP: 5/5
  2061 | D:3      | Noticed Natasha
  2071 | D:3      | Killed Natasha
  2072 | D:3      | Reached skill level 4 in Polearms
  2221 | D:3      | Noticed Natasha
  2233 | D:3      | Killed Natasha
  2374 | D:3      | Noticed Natasha
  2387 | D:3      | Killed Natasha
  2388 | D:3      | Reached XP level 6. HP: 22/49 MP: 6/6
  2695 | D:3      | Noticed Ijyb
  2702 | D:3      | Killed Ijyb
  3002 | D:4      | Reached skill level 5 in Polearms
  3015 | D:4      | Found a large runed translucent door.
  3015 | D:4      | Found a large runed translucent door.
  3017 | D:4      | Found a large runed translucent door.
  3017 | D:4      | Found a large runed translucent door.
  3038 | D:4      | Reached skill level 5 in Fighting
  3038 | D:4      | Reached XP level 7. HP: 25/56 MP: 7/7
  3493 | D:4      | Reached skill level 6 in Polearms
  3511 | D:4      | Noticed an acid dragon
  3523 | D:4      | Killed from afar by an acid dragon

Illustrated notes

Levels and vault maps discovered:
D:1:      onia_arrival_mini_spirals, layout_loops_ring
D:2:      layout_basic
D:3:      layout_basic, grunt_ministairs_1, uniq_ijyb, uniq_natasha
D:4:      layout_cave_pods, nicolae_wu_jian_wuxing_cycle, serial_bayou,
          serial_bayou_shore_a, serial_bayou_pond_e, serial_bayou_ford_a,
          serial_bayou_shore_b, serial_bayou_pond_c,
          minmay_hollow_rounded_squares

Skill      XL: |  1  2  3  4  5  6  7 |
---------------+----------------------+-----
Polearms       | 3 4 5 6 |  6.0
Shields        | 5 |  5.0
Fighting       | 4 5 |  5.4
Armour         | |  3.2

Action                   |  1- 3 |  4- 6 |  7- 9 || total
-------------------------+-------+-------+-------++-------
Melee: Trident           |   105 |    37 |       ||   142
       Halberd           |       |   126 |    44 ||   170
 Abil: Dig               |       |     1 |       ||     1
  Use: Potion            |       |     1 |     1 ||     2
Armor: Scale mail        |    40 |    57 |    11 ||   108
Dodge: Dodged            |    35 |    70 |    13 ||   118
Block: Buckler           |    25 |    26 |    20 ||    71
       Reflection        |       |       |     1 ||     1

Table legend: (Time is in decaauts)
 A = Elapsed time spent in this place.
 B = Non-inter-level travel time spent in this place.
 C = Inter-level travel time spent in this place.
 D = Time resting spent in this place.
 E = Time spent auto-exploring this place.
 F = Levels seen in this place.
 G = Mean time per level.
                   A        B        C        D        E       F      G
               +--------+--------+--------+--------+--------+-----+--------+
         Total |   3606 |   3531 |     75 |    364 |   2418 |   4 |  901.5 |
       Dungeon |   3606 |   3531 |     75 |    364 |   2418 |   4 |  901.5 |
               +--------+--------+--------+--------+--------+-----+--------+

Top non-repeatable levels by time:
     D:3: 1229 daAuts
     D:1: 889 daAuts
     D:4: 772 daAuts
     D:2: 715 daAuts
